 Dungeon Crawl Stone Soup version 0.31-a0-986-g5e6e4ef867 (webtiles) character file.

Game seed: 14542074239249208429

30709 Persephone the Bludgeoner (level 13, -1/106 HPs)
             Began as a Demonspawn Berserker on Nov 12, 2023.
             Was an Elder of Trog.
             Slain by a merfolk
             ... wielding a +0 trident
              (11 damage)
             ... on level 3 of the Lair of Beasts.
             The game lasted 00:23:26 (14342 turns).

Persephone the Bludgeoner (Demonspawn Berserker)   Turns: 14342, Time: 00:23:27

Health: -1/106     AC: 13    Str: 23    XL:     13   Next: 22%
Magic:  22/22      EV: 12    Int:  4    God:    Trog [****..]
Gold:   97         SH:  0    Dex: 24    Spells: 12/12 levels left

rFire   + + +        M - +7 great mace "Firestarter" {flame, immolate, rFlCloud rF++}
rCold   . . .        (shield currently unavailable)
rNeg    . . .        Q - +2 ring mail {rF+}
rPois   .            (helmet restricted)
rElec   .            e - scarf {repulsion}
rCorr   .            C - +0 pair of gloves
SInv    +            (no boots)
Will    +++..        (no amulet)
Stlth   +            a - +6 ring of dexterity
HPRegen 1.37/turn    s - ring "Lodicutz" {Will+ MP+9 Int-5 Dex+6 SInv}
MPRegen 0.18/turn

%: repel missiles
@: strong-willed, regenerating, very slow
A: antennae 2, icy blue scales 2, powered by death 2, demonic magic 1
a: Renounce Religion, Berserk, Trog's Hand, Brothers in Arms


You were on level 3 of the Lair of Beasts.
You worshipped Trog.
Trog was greatly pleased with you.
You visited 2 branches of the dungeon, and saw 14 of its levels.

You collected 1111 gold pieces.
You spent 1014 gold pieces at shops.

Inventory:

Hand Weapons
 q - a +3 vampiric demon whip
 I - a +0 morningstar
 M - the +7 great mace "Firestarter" (weapon) {flame, immolate, rFlCloud rF++}
   (You bought it in a shop on level 2 of the Dungeon)

   rFlCloud:  It grants immunity to clouds of flame.
   rF++:      It greatly protects you from fire.
Missiles
 p - a throwing net
 F - 3 javelins
 P - 4 boomerangs (quivered)
Armour
 e - a scarf of repulsion (worn)
 C - a +0 pair of gloves (worn)
 Q - a +2 ring mail of fire resistance (worn)
Jewellery
 a - a +6 ring of dexterity (left hand)
 d - a ring of magical power
 s - the ring "Lodicutz" (right hand) {Will+ MP+9 Int-5 Dex+6 SInv}
   (You acquired it on level 5 of the Dungeon)

   [ring of magical power]

   Int-5:     It affects your intelligence (-5).
   Dex+6:     It affects your dexterity (+6).
   Will+:     It increases your willpower.
   MP+9:      It affects your magic capacity (+9).
   SInv:      It lets you see invisible.
 t - a ring of flight
 y - an amulet of faith
 H - a ring of positive energy
Wands
 f - a wand of flame (14)
 m - a wand of mindburst (33)
 r - a wand of charming (16)
 B - a wand of roots (12)
Scrolls
 b - a scroll of silence
 k - 4 scrolls of noise
 u - a scroll of enchant weapon
 v - a scroll of immolation
 z - 6 scrolls of identify
 A - 4 scrolls of fog
 E - a scroll of fear
 G - 3 scrolls of teleportation
 J - 4 scrolls of blinking
 N - a scroll of enchant armour
Potions
 c - 4 potions of invisibility
 g - a potion of degeneration
 h - a potion of brilliance
 i - 3 potions of enlightenment
 j - 2 potions of heal wounds
 l - a potion of ambrosia
 n - 3 potions of attraction
 o - 2 potions of lignification
 w - 2 potions of might
 x - a potion of mutation
 D - a potion of berserk rage
 L - a potion of resistance


   Skills:
 - Level 11.1 Fighting
 - Level 3.9(11.9) Axes
 + Level 17.2(17.4) Maces & Flails
 - Level 10.0 Armour
 - Level 1.7 Dodging


You had 12 spell levels left.
You didn't know any spells.
Your spell library was empty.

Dungeon Overview and Level Annotations

Branches:
Dungeon (11/15)            Temple (0/1) D:6            Lair (3/5) D:9
  Snake (0/4) Lair:3          Orc (0/2) D:10
  Swamp: Lair:2-3    Shoals: Lair:2-3

Altars:
Cheibriados
Dithmenos
Okawaru
Qazlal
Yredelemnul

Shops:
D:2 *   D:5 :

Annotations:
D:9 exclusion: ice statue


Innate Abilities, Weirdness & Mutations

You have a pair of antennae on your head.
You are mostly covered in icy blue scales. (AC +3)
You regenerate health from kills.
Spells you cast may paralyse adjacent enemies.


Message History

The plant is engulfed in blazing flames.
Flame seeps out of the plant.
The merfolk hits you from afar with a +0 trident!
The merfolk misses you.
You bludgeon the plant!!
Flame seeps out of the plant.
You burn the plant.
Flame seeps out of the plant.
The plant is heavily damaged.
The plant is engulfed in blazing flames.
Flame seeps out of the plant.
The merfolk barely misses you.
The merfolk hits you from afar with a +0 trident!
You bludgeon the plant!!
Flame seeps out of the plant.
You burn the plant!
Flame seeps out of the plant.
The plant is severely damaged.
The plant is engulfed in blazing flames.
Flame seeps out of the plant.
Your skin crawls.
You feel strong-willed.
The plant is engulfed in blazing flames.
Flame seeps out of the plant.
A nearby plant withers and dies.
The merfolk is engulfed in a cloud of scalding steam.
The merfolk barely misses you.
The merfolk hits you from afar with a +0 trident!
The merfolk hits you with a +0 trident!
* * * LOW HITPOINT WARNING * * *
The merfolk hits the plant with a +0 trident!!
The plant begins to die.
The merfolk hits you with a +0 trident.
* * * LOW HITPOINT WARNING * * *
You barely miss the merfolk.
The merfolk is lightly wounded.
The merfolk hits the plant with a +0 trident.
The merfolk hits you with a +0 trident!!
* * * LOW HITPOINT WARNING * * *
Okay, then.
Blink to where?
Press: ? - help, Dir - move target, p - merfolk Splash!
As you read the scroll of blinking, it crumbles to dust.
You hear a shout!
The merfolk hits you from afar with a +0 trident!
You die...

.......................##
.......................#
##...##................##
.##.####.#########......#
#.#.P##..#~~m$Pm~####..##
..#..###.#~~#~#~~#.##..#
.........#~~#~#{~#.##..#
.......#.####~####.##..#
#.#......~~~~Pm~@~.....#
.##..PP..####~####..P..#
.....##P.# #~# {#.##..##
P#P#####.# #~# ####...#
P#######.#


P$P #P##...# ....#.##.#########.....## .......................#
.......................### .......................#.# You could see a merfolk.

Vanquished Creatures
  2 boulder beetles (D:11)
  6 death yaks (Lair:1)
  A skyshark (Lair:3)
  Pikel (D:4)
  An ugly thing (D:11)
  A cyclops (D:11)
  A manticore (D:11)
  An elephant (D:9)
  3 black mambas
  10 cane toads
  5 kobold demonologists (D:11)
  Jeremiah (D:6)
  4 komodo dragons
  A rime drake (Lair:1)
  A troll (D:11)
  10 blink frogs
  A vampire (D:11)
  A wraith (D:11)
  37 yaks
  5 wyverns
  A basilisk (Lair:2)
  A steam dragon (D:9)
  Menkaure (D:5)
  3 nagas (Lair:3)
  7 water moccasins
  Duvessa (D:7)
  2 acid dragons
  4 ice beasts
  4 orc warriors
  3 black bears
  14 wolves
  3 ogres
  A phantom (D:7)
  5 centaurs
  3 kobold brigands
  10 bullfrogs
  3 scorpions
  16 wights
  Dowan (D:7)
  16 killer bees
  An electric eel (Lair:2)
  5 howler monkeys
  2 jellies
  A gnoll bouda (D:5)
  5 orc priests
  5 hounds
  2 sleepcaps
  8 orc wizards
  An iguana (D:4)
  5 hell rats (Lair:2)
  Robin (D:4)
  5 gnolls
  9 adders
  2 shadow imps
  2 ufetubi (D:5)
  A worm (D:3)
  4 dart slugs
  31 orcs
  3 endoplasms
  4 giant cockroaches
  16 goblins
  10 hobgoblins
  7 jackals (D:2)
  16 kobolds
  7 quokkas
  10 ball pythons
  3 bats
  4 frilled lizards
  5 rats
367 creatures vanquished.

Vanquished Creatures (others)
  A sky beast (D:7)
1 creature vanquished.

Grand Total: 368 creatures vanquished

Notes
Turn   | Place    | Note
-------+----------+-------------------------------------------
     0 | D:1      | Persephone the Demonspawn Berserker began the quest for the
                  | Orb.
     0 | D:1      | Reached XP level 1. HP: 18/18 MP: 1/1
   308 | D:1      | Gained mutation: You are partially covered in icy blue
                  | scales. (AC +2) [demonic ancestry]
   308 | D:1      | Reached XP level 2. HP: 20/24 MP: 2/2
   468 | D:1      | Reached ** piety under Trog
   857 | D:2      | Reached XP level 3. HP: 27/29 MP: 3/3
   959 | D:2      | Found Wuxeuhurph's General Store.
  1368 | D:2      | Reached skill level 1 in Maces & Flails
  1768 | D:3      | Gained mutation: You are mostly covered in icy blue scales.
                  | (AC +3) [demonic ancestry]
  1768 | D:3      | Reached XP level 4. HP: 35/35 MP: 4/4
  1969 | D:3      | Reached skill level 2 in Maces & Flails
  2260 | D:3      | Found a stormy altar of Qazlal.
  2611 | D:4      | Noticed Pikel
  2611 | D:4      | Noticed a lemure
  2624 | D:4      | Noticed a lemure
  2634 | D:4      | Killed Pikel
  2635 | D:4      | Reached skill level 6 in Maces & Flails
  2635 | D:4      | Reached XP level 5. HP: 15/41 MP: 5/5
  2635 | D:4      | Gained mutation: You have a pair of small antennae on your
                  | head. [demonic ancestry]
  2635 | D:4      | Reached XP level 6. HP: 17/47 MP: 6/6
  2635 | D:4      | Gained mutation: You regenerate a little health from kills.
                  | [demonic ancestry]
  2635 | D:4      | Reached XP level 7. HP: 19/52 MP: 7/7
  2946 | D:4      | Reached *** piety under Trog
  3037 | D:4      | Found a basalt altar of Yredelemnul.
  3101 | D:4      | Noticed Robin
  3122 | D:4      | Killed Robin
  3635 | D:5      | Entered Level 5 of the Dungeon
  3750 | D:5      | Noticed Menkaure
  3759 | D:5      | Killed Menkaure
  3760 | D:5      | Reached skill level 7 in Maces & Flails
  3842 | D:5      | Reached skill level 8 in Maces & Flails
  3904 | D:5      | Gained mutation: Spells you cast may paralyse adjacent
                  | enemies. [demonic ancestry]
  3904 | D:5      | Reached XP level 8. HP: 48/58 MP: 2/8
  3909 | D:5      | Reached skill level 9 in Maces & Flails
  4085 | D:5      | Found Koaptux's Tremendous Tomes.
  4424 | D:5      | Reached skill level 10 in Maces & Flails
  4545 | D:5      | Identified a scroll of acquirement
  4545 | D:5      | Acquired the ring "Lodicutz" {Will+ MP+9 Int-5 Dex+6 SInv}
  4676 | D:6      | Reached skill level 11 in Maces & Flails
  4764 | D:6      | Noticed Jeremiah
  4784 | D:6      | Killed Jeremiah
  4854 | D:6      | Found a snail-covered altar of Cheibriados.
  5055 | D:6      | Found a staircase to the Ecumenical Temple.
  5095 | D:6      | Found an iron altar of Okawaru.
  5240 | D:7      | Gained mutation: You have a pair of antennae on your head.
                  | [demonic ancestry]
  5240 | D:7      | Reached XP level 9. HP: 65/65 MP: 9/9
  5322 | D:7      | Reached skill level 5 in Fighting
  5327 | D:7      | Noticed Dowan
  5332 | D:7      | Noticed Duvessa
  5435 | D:7      | Killed Duvessa
  5443 | D:7      | Killed Dowan
  5778 | D:7      | Found a shadowy altar of Dithmenos.
  5909 | D:8      | Reached skill level 5 in Armour
  5972 | D:8      | Reached **** piety under Trog
  6791 | D:9      | Noticed a komodo dragon
  6801 | D:9      | Killed a komodo dragon
  6802 | D:9      | Reached XP level 10. HP: 79/79 MP: 10/10
  7139 | D:9      | Noticed an elephant
  7152 | D:9      | Killed an elephant
  7221 | D:9      | Found a staircase to the Lair.
  7667 | D:9      | Noticed an ice statue
  7933 | D:10     | Entered Level 10 of the Dungeon
  7994 | D:10     | Reached XP level 11. HP: 85/90 MP: 11/11
  8405 | D:10     | Found a staircase to the Orcish Mines.
  8524 | D:10     | Reached skill level 10 in Fighting
  8869 | D:11     | Noticed a green ugly thing
  8877 | D:11     | Killed a green ugly thing
  8878 | D:11     | Reached skill level 12 in Maces & Flails
  9234 | D:2      | Bought the +7 great mace "Firestarter" {flame, immolate,
                  | rFlCloud rF++} for 783 gold pieces
  9234 | D:2      | Found the +7 great mace "Firestarter" {flame, immolate,
                  | rFlCloud rF++}
  9839 | D:11     | Noticed a sixfirhy
 10051 | D:11     | Reached ***** piety under Trog
 10140 | D:11     | Noticed a boulder beetle
 10158 | D:11     | Killed a boulder beetle
 10159 | D:11     | Reached skill level 13 in Maces & Flails
 10285 | D:11     | Noticed a boulder beetle
 10302 | D:11     | Killed a boulder beetle
 10303 | D:11     | Reached skill level 10 in Armour
 10541 | D:13     | Identified the "Zixeps"
 10541 | Lair:1   | Entered Level 1 of the Lair of Beasts
 10576 | Lair:1   | Reached XP level 12. HP: 21/100 MP: 12/12
 10793 | Lair:1   | Noticed a death yak
 10793 | Lair:1   | Noticed a death yak
 10794 | Lair:1   | Noticed a death yak
 10808 | Lair:1   | Killed a death yak
 10809 | Lair:1   | Reached skill level 14 in Maces & Flails
 10815 | Lair:1   | Killed a death yak
 10825 | Lair:1   | Killed a death yak
 11036 | Lair:1   | Reached skill level 15 in Maces & Flails
 11494 | Lair:1   | Noticed a death yak
 11495 | Lair:1   | Noticed a death yak
 11495 | Lair:1   | Noticed a death yak
 11504 | Lair:1   | Killed a death yak
 11510 | Lair:1   | Killed a death yak
 11517 | Lair:1   | Killed a death yak
 11886 | Lair:1   | Reached skill level 16 in Maces & Flails
 12939 | Lair:3   | Gained mutation: You regenerate health from kills. [demonic
                  | ancestry]
 12939 | Lair:3   | Reached XP level 13. HP: 106/106 MP: 13/13
 13038 | Lair:3   | Found a staircase to the Snake Pit.
 13181 | Lair:3   | Reached skill level 17 in Maces & Flails
 13955 | D:2      | Bought a +2 ring mail of fire resistance for 231 gold
                  | pieces
 14339 | Lair:3   | HP: 4/106 [merfolk/+0 trident (18)]
 14342 | Lair:3   | Slain by a merfolk

Illustrated notes

Levels and vault maps discovered:
D:1:      nicolae_arrival_somewhat_less_tricky_arrival, layout_basic
D:2:      layout_loops_ring, serial_shops, shop, hex_medium
D:3:      layout_loops_corners, mainiacjoe_overflow_alcove_1
D:4:      layout_basic, mainiacjoe_overflow_24_doors, zin_scriptorium,
          uniq_robin, uniq_pikel
D:5:      layout_loops_ring, grunt_decor_mini_mirrors,
          nicolae_shop_i_like_big_books, uniq_menkaure
D:6:      layout_rooms, mainiacjoe_overflow_tiny_flanked,
          okawaru_altar_gauntlet_db, minmay_temple_entry_slanted, uniq_jeremiah
D:7:      layout_rooms, nicolae_dithmenos_through_a_glass_darkly, uniq_duvessa
D:8:      layout_loops_ring
D:9:      lemuel_ice_statue, layout_loops_cross, grunt_lair_entry_orc_guard_hut,
          chequers_serial_rivers_small_3
D:10:     layout_basic, hiddenorc1_lemuel, interstate_on_off
D:11:     layout_loops_ring, portal_ice_cave_entry_pillars_2
Lair:1:   layout_long_grid, grunt_megastairs_5, lemuel_fruit_tree
Lair:2:   layout_regular_city, serial_bayou_shore_a
Lair:3:   layout_regular_city, mainiacjoe_shoals_entry_four_pools,
          nicolae_snake_entry_squirm

Skill      XL: |  1  2  3  4  5  6  7  8  9 10 11 12 13 |
---------------+----------------------------------------+-----
Axes           | 3 |  3.9
Maces & Flails | 1 6 8 11 13 16 17 | 17.2
Armour         | 3 6 8 10 | 10.0
Fighting       | 4 7 9 11 | 11.1
Dodging        | |  1.7

Action                     |  1- 3 |  4- 6 |  7- 9 | 10-12 | 13-15 || total
---------------------------+-------+-------+-------+-------+-------++-------
  Melee: Hand axe          |    78 |       |       |       |       ||    78
         Punch             |     3 |     1 |     7 |     3 |       ||    14
         Mace              |    64 |    68 |    10 |       |       ||   142
         Demon whip        |       |       |   310 |   568 |   109 ||   987
         Great mace        |       |       |       |    83 |     9 ||    92
  Throw: Boomerang         |       |       |    21 |   212 |    20 ||   253
         Javelin           |       |       |     3 |       |       ||     3
 Invoke: Berserk           |     2 |     1 |    12 |     8 |     1 ||    24
         Trog's Hand       |       |       |     6 |    13 |     3 ||    22
    Use: Scroll            |     7 |       |    13 |     9 |     1 ||    30
         Potion            |       |       |     1 |     1 |       ||     2
   Stab: Distracted        |       |       |       |     1 |       ||     1
         Sleeping          |       |       |       |     1 |       ||     1
 Armour: Scale mail        |   102 |    52 |   197 |       |       ||   351
         Animal skin       |     2 |       |       |       |       ||     2
         Leather armour    |     1 |       |       |       |       ||     1
         Plate armour      |       |       |     1 |   100 |       ||   101
         Steam dragon scal |       |       |       |   310 |    51 ||   361
         Ring mail         |       |       |       |       |    12 ||    12
  Dodge: Dodged            |    92 |    31 |   137 |   288 |    39 ||   587
         Repelled          |     1 |       |     1 |     5 |     1 ||     8

Table legend: (Time is in decaauts)
 A = Elapsed time spent in this place.
 B = Non-inter-level travel time spent in this place.
 C = Inter-level travel time spent in this place.
 D = Time resting spent in this place.
 E = Time spent auto-exploring this place.
 F = Levels seen in this place.
 G = Mean time per level.
                   A        B        C        D        E       F      G
               +--------+--------+--------+--------+--------+-----+--------+
         Total |  14249 |  13008 |   1241 |      0 |   9956 |  14 | 1017.8 |
       Dungeon |  11053 |   9950 |   1103 |      0 |   7504 |  11 | 1004.8 |
          Lair |   3195 |   3057 |    138 |      0 |   2451 |   3 | 1065.0 |
               +--------+--------+--------+--------+--------+-----+--------+

Top non-repeatable levels by time:
     D:9: 1438 daAuts
    D:11: 1410 daAuts
  Lair:1: 1362 daAuts
     D:3: 1158 daAuts
     D:5: 1121 daAuts
     D:4: 1044 daAuts
    D:10: 969 daAuts
  Lair:2: 959 daAuts
     D:8: 929 daAuts
     D:2: 893 daAuts
  Lair:3: 873 daAuts
     D:1: 856 daAuts
     D:6: 679 daAuts
     D:7: 552 daAuts
